 Dungeon Crawl Stone Soup version 0.21.1-1-g345015fe64 (webtiles) character file.

116 Ivernyr the Charmwright (level 4, 0/34 HPs)
             Began as a Demonspawn Skald on Apr 25, 2018.
             Succumbed to a worker ant's poison
             ... on level 3 of the Dungeon.
             The game lasted 00:08:30 (2641 turns).

Ivernyr the Charmwright (Demonspawn Skald)          Turns: 2641, Time: 00:08:31

Health: 0/34       AC:  5    Str: 11 (12) XL:     4   Next: 69%
Magic:  6/7        EV: 11    Int: 11 (14) God:
Gold:   48         SH:  0    Dex: 10 (13) Spells: 2/7 levels left

rFire    . . .     SeeInvis .   a - +0 falchion
rCold    . . .     Gourm    .   (no shield)
rNeg     . . .     Faith    .   b - +0 leather armour
rPois    .         Spirit   .   (no helmet)
rElec    .         Reflect  .   f - +0 cloak
rCorr    .         Harm     .   o - +0 pair of gloves
MR       .....                  (no boots)
Stlth    +.........             (no amulet)
HPRegen  0.11/turn              (no ring)
MPRegen  0.10/turn              (no ring)

@: lethally poisoned (0 -> -2), flying
A: powered by death 1
a: no special abilities


You were on level 3 of the Dungeon.
You were hungry.

You visited 1 branch of the dungeon, and saw 3 of its levels.

You collected 48 gold pieces.

Inventory:

Hand Weapons
 a - a +0 falchion (weapon)
Armour
 b - a +0 leather armour (worn)
 f - a +0 cloak (worn)
 o - a +0 pair of gloves (worn)
Wands
 n - a wand of paralysis (13)
Scrolls
 e - 4 scrolls of amnesia {unknown}
 h - 5 scrolls of identify {unknown}
 i - a scroll of remove curse {unknown}
 j - 3 scrolls of teleportation {unknown}
 m - a scroll of enchant armour {unknown}
Potions
 k - a potion of resistance
Books
 c - a book of Battle

   Spells                             Type                      Level
   a - Infusion                       Charms                       1
   b - Shroud of Golubria             Charms/Translocation         2
   c - Song of Slaying                Charms                       2
   d - Spectral Weapon                Hexes/Charms                 3
   e - Regeneration                   Charms/Necromancy            3
Comestibles
 d - 5 rations


   Skills:
 + Level 2.8 Fighting
 + Level 2.5 Long Blades
 * Level 2.6 Armour
 - Level 1.7 Dodging
 - Level 2.0 Spellcasting
 + Level 3.2 Charms


You had 2 spell levels left.
You knew the following spells:

 Your Spells              Type           Power        Failure   Level  Hunger
a - Shroud of Golubria    Chrm/Tloc      #.........   30%         2    ###....
b - Song of Slaying       Chrm           #.......     16%         2    ###....
c - Infusion              Chrm           #...         10%         1    ##.....


Dungeon Overview and Level Annotations

Branches:
Dungeon (3/15)

Altars:

Annotations:
D:3 Terence


Innate Abilities, Weirdness & Mutations

You regenerate a little health from kills.


Message History

You hit the worker ant.
You kill the worker ant!
You feel sick.
You start resting.
You feel sick. x2
Your magical contamination has completely faded away.
You start resting.
There is a lethal amount of poison in your body!
* * * LOW HITPOINT WARNING * * *
You feel sick.
It was a potion of flight.
You feel very buoyant.
You fly up into the air.
It was a potion of degeneration.
There was something very wrong with that liquid.
You feel weakened.
You feel dopey.
You feel clumsy.
* * * LOW HITPOINT WARNING * * *
You feel sick.
* * * LOW HITPOINT WARNING * * *
You feel sick.
You die...

# #.########
##.######.........
.................>
#........#######.
######.#.# #.#.#
#.### #.# #@# #.#
#.# #.# #.# #.#
#.# #.# #.#


There were no monsters in sight!

Vanquished Creatures
  Crazy Yiuf (D:2)
  A worker ant (D:3)
  An adder (D:2)
  A worm (D:3)
  3 dart slugs
  2 leopard geckos (D:2)
  2 orcs (D:3)
  3 bats (D:1)
  2 giant cockroaches (D:2)
  3 goblins
  4 hobgoblins
  7 jackals
  8 kobolds
  3 frilled lizards
  2 rats (D:2)
43 creatures vanquished.

Notes
Turn   | Place    | Note
-------+----------+-------------------------------------------
     0 | D:1      | Ivernyr the Demonspawn Skald began the quest for the Orb.
     0 | D:1      | Reached XP level 1. HP: 16/16 MP: 3/3
    54 | D:1      | Reached skill level 1 in Armour
   421 | D:1      | Gained mutation: You regenerate a little health from kills. [demonic ancestry]
   421 | D:1      | Reached XP level 2. HP: 15/22 MP: 5/5
   431 | D:1      | Learned a level 2 spell: Song of Slaying
   434 | D:1      | Learned a level 2 spell: Shroud of Golubria
   976 | D:2      | Reached XP level 3. HP: 27/28 MP: 3/6
   994 | D:2      | Reached skill level 3 in Charms
  1502 | D:2      | Found a runed door.
  1509 | D:2      | Noticed Crazy Yiuf
  1855 | D:2      | Killed Crazy Yiuf
  1855 | D:2      | Reached XP level 4. HP: 7/34 MP: 3/7
  2410 | D:3      | Noticed Terence
  2638 | D:3      | HP: 1/34 [poisoned by a worker ant]
  2641 | D:3      | Succumbed to a worker ant's poison

Skill      XL: |  1  2  3 |
---------------+----------+-----
Armour         | 1 2 |  2.6
Long Blades    | 2 |  2.5
Charms         | 3 |  3.2
Fighting       | |  2.8
Dodging        | |  1.7
Spellcasting   | |  2.0

Action                   |  1- 3 |  4- 6 || total
-------------------------+-------+-------++-------
Melee: Falchion          |   119 |    63 ||   182
 Cast: Song of Slaying   |     4 |     3 ||     7
       Shroud of Golubri |     4 |     5 ||     9
  Use: Potion            |     3 |     2 ||     5
 Stab: Sleeping          |     1 |       ||     1
  Eat: Chunk             |     2 |     1 ||     3
       Ration            |       |     1 ||     1
Armor: Leather armour    |    38 |    12 ||    50
       Skin              |     2 |       ||     2
Dodge: Dodged            |    89 |    44 ||   133
       Rpst.: Falchion   |    29 |    11 ||    40
